 Dungeon Crawl Stone Soup version 0.31-a0-1101-g9ad1905e61 (webtiles) character file.

Game seed: 5134443290109961180

25 Inarius the Trooper (level 2, -3/24 HPs)
             Began as a Demonspawn Fighter on Dec 1, 2023.
             Killed from afar by Natasha (4 damage)
             ... with a magic dart
             ... on level 2 of the Dungeon.
             The game lasted 00:00:51 (902 turns).

Inarius the Trooper (Demonspawn Fighter)             Turns: 902, Time: 00:00:52

Health: -3/24      AC:  6    Str: 16    XL:     2   Next: 82%
Magic:  2/2        EV:  8    Int:  8    God:
Gold:   96         SH:  4    Dex: 12    Spells: 1/1 levels left

rFire   . . .        a - +0 war axe
rCold   . . .        c - +0 buckler
rNeg    . . .        b - +0 scale mail
rPois   .            (no helmet)
rElec   .            (no cloak)
rCorr   .            (no gloves)
SInv    .            (no boots)
Will    .....        (no amulet) Stlth
                     (no ring)
HPRegen 0.24/turn    (no ring)
MPRegen 0.08/turn

%: no passive effects
@: no status effects
A: demonic guardian 1
a: no special abilities


You were on level 2 of the Dungeon.
You visited 1 branch of the dungeon, and saw 2 of its levels.

You collected 96 gold pieces.

Inventory:

Hand Weapons
 a - a +0 war axe (weapon)
Armour
 b - a +0 scale mail (worn)
 c - a +0 buckler (worn)
Scrolls
 f - 4 scrolls of identify {unknown}
 g - a scroll of summoning {unknown}
 i - a scroll of teleportation {unknown}
 k - a scroll of brand weapon {unknown}
 l - a scroll of revelation {unknown}
 m - a scroll of amnesia {unknown}
Potions
 d - 2 potions of might
 e - a potion of heal wounds {unknown}
 h - 4 potions of curing {unknown}
 j - a potion of brilliance {unknown}


   Skills:
 + Level 3.3 Fighting
 * Level 2.3 Axes
 + Level 2.9 Armour
 + Level 2.9 Shields


You had one spell level left.
You didn't know any spells.
Your spell library was empty.

Dungeon Overview and Level Annotations

Branches:
Dungeon (2/15)

Altars:

Annotations:
D:2 Natasha


Innate Abilities, Weirdness & Mutations

A weak demonic guardian rushes to your aid.


Message History

Partly explored, can't reach some places.
Search for what [? for help]? armor You see here a rat skeleton.
Things that are here:
a +0 short sword; a kobold skeleton
There is a stone staircase leading down here.
You climb downwards.
Found 8 gold pieces.
There is a stone staircase leading up here.
You now have 89 gold pieces (gained 8).
As you open the door, it creaks loudly!
There is an open door here.
l - a scroll labelled MYOMOEK VOULA
m - a scroll labelled FEAQEDYKIE You now have 96 gold pieces (gained 7).
As you open the door, it creaks loudly!
A ball python simulacrum and Natasha come into view.
The ball python simulacrum moves out of view.
There is an open door here.
There is an open door here.
Natasha hisses.
Natasha casts a spell at you. The magic dart hits you.
You hit Natasha.
Natasha is moderately wounded.
Natasha claws you!
You slash Natasha!
Natasha is severely wounded.
Natasha claws you.
* * * LOW HITPOINT WARNING * * *
You hit Natasha but do no damage.
Natasha is severely wounded.
Natasha casts a spell.
Natasha casts a spell at you. The magic dart hits you.
* * * LOW HITPOINT WARNING * * *
A demonic guardian appears!
Natasha casts a spell at you. The magic dart hits you.
You die...
Natasha curls up and begins to purr.

#♣.....PP♣
#...PPP♣
#..♣♣♣♣♣#####
#...........#
######5.....####
+......+..#
#.h5...##.#
#.......#'####
##@##........#
#.##........#
#<##........#
####........#
#........#
#........#
#........#
#........#
##########


You could see Natasha (ally target), a cerulean imp (summoned) and a friendly
white imp (summoned).

Vanquished Creatures
  A dart slug (D:1)
  A ball python (D:1)
  A bat (D:1)
  An endoplasm (D:1)
  3 giant cockroaches (D:1)
  2 goblins (D:1)
  2 hobgoblins (D:1)
  2 kobolds (D:1)
  A frilled lizard (D:1)
  3 rats (D:1)
17 creatures vanquished.

Vanquished Creatures (collateral kills)
  A goblin (D:1)
  A hobgoblin (D:1)
2 creatures vanquished.

Grand Total: 19 creatures vanquished

Notes
Turn   | Place    | Note
-------+----------+-------------------------------------------
     0 | D:1      | Inarius the Demonspawn Fighter began the quest for the Orb.
     0 | D:1      | Reached XP level 1. HP: 18/18 MP: 1/1
   130 | D:1      | Gained mutation: A weak demonic guardian rushes to your
                  | aid. [demonic ancestry]
   130 | D:1      | Reached XP level 2. HP: 24/24 MP: 2/2
   887 | D:2      | Noticed Natasha
   901 | D:2      | HP: 1/24 [Natasha/magic dart (6)]
   902 | D:2      | Killed from afar by Natasha

Illustrated notes

Levels and vault maps discovered:
D:1:      saegor_arrival_fortress, layout_loops_ring
D:2:      layout_basic, serial_shops, shop_scrolls, corexii_shack,
          dilly_guarded_unrand_morg

Skill      XL: |  1 |
---------------+----+-----
Axes           | 2 |  2.3
Fighting       | |  3.3
Armour         | |  2.9
Shields        | |  2.9

Action                     || total
---------------------------++-------
  Melee: War axe           ||    53
 Armour: Scale mail        ||    43
  Dodge: Dodged            ||    24
  Block: Buckler           ||     7

Table legend: (Time is in decaauts)
 A = Elapsed time spent in this place.
 B = Non-inter-level travel time spent in this place.
 C = Inter-level travel time spent in this place.
 D = Time resting spent in this place.
 E = Time spent auto-exploring this place.
 F = Levels seen in this place.
 G = Mean time per level.
                   A        B        C        D        E       F      G
               +--------+--------+--------+--------+--------+-----+--------+
         Total |    924 |    892 |     32 |      0 |    743 |   2 |  462.0 |
       Dungeon |    924 |    892 |     32 |      0 |    743 |   2 |  462.0 |
               +--------+--------+--------+--------+--------+-----+--------+

Top non-repeatable levels by time:
     D:1: 865 daAuts
     D:2: 58 daAuts
